Map: Odyssey LE

Players

Lambo - Winner!

  • Race: Zerg Zerg
  • Spawn Location: 5:00

ZhuGeLiang

  • Race: Zerg Zerg
  • Spawn Location: 11:00

Event: WCS Valencia 2017

VOD

Have the link to the VOD?

Description

Time

  • Played on: July 13, 2017, 10:48 a.m.
  • Length: 12:20

All games in this series

Show
View Real Time Build Order
Export as new Build Order

Lambo Zerg - Winner!

Build Orders: Pool First 

Get SALT Encoding   

  12  0:00  Drone  
  13  0:12  Overlord  
  13  0:17  Drone  
  14  0:30  Drone x2  
  14  0:35  Drone  
  17  0:44  Extractor  
  17  0:45  Drone  
  17  0:49  Spawning Pool  
  16  0:55  Drone  
  17  1:06  Drone  
  18  1:16  Drone  
  19  1:22  Hatchery  
  18  1:27  Drone  
  19  1:35  Queen  
  21  1:43  Overlord  
  21  1:48  Metabolic Boost  
  21  1:54  Zergling x2  
  22  2:01  Zergling x2  
  22  2:07  Baneling Nest  
  22  2:11  Queen  
  24  2:17  Drone  
  24  2:22  Drone  
  26  2:30  Spine Crawler  
  26  2:33  Zergling x2  
  26  2:36  Zergling x2  
  27  2:39  Spine Crawler  
  26  2:46  Zergling x4  
  26  2:51  Zergling x2  
  27  2:54  Baneling x2  
  27  2:58  Zergling x6  
  25  3:09  Zergling x2  
  25  3:14  Baneling  
  25  3:16  Baneling x2  
  25  3:22  Zergling x4  
  26  3:42  Baneling  
  26  3:48  Drone x2  
  27  3:59  Drone  
  27  4:00  Hatchery  
  27  4:02  Overlord  
  27  4:07  Drone x2  
  29  4:15  Overlord  
  29  4:23  Queen  
  31  4:27  Drone  
  32  4:33  Drone  
  32  4:37  Drone  
  32  4:38  Drone  
  35  4:43  Drone  
  36  4:48  Evolution Chamber  
  36  4:52  Drone  
  36  4:59  Drone  
  37  5:02  Drone  
  37  5:04  Lair  
  38  5:08  Drone  
  38  5:15  Zerg Missile Weapons Level 1  
  38  5:17  Drone  
  38  5:20  Drone  
  38  5:21  Drone  
  41  5:27  Roach Warren  
  40  5:29  Drone  
  41  5:40  Drone x5  
  45  5:43  Extractor x2  
  45  5:45  Overlord  
  41  5:50  Drone x2  
  41  5:52  Overlord  
  39  6:07  Roach x3  
  39  6:09  Drone  
  45  6:13  Drone x2  
  45  6:15  Drone  
  48  6:20  Drone x2  
  48  6:21  Glial Reconstitution  
  50  6:27  Drone x3  
  53  6:33  Drone  
  54  6:42  Hatchery  
  54  6:44  Roach  
  55  6:48  Roach x2  
  59  6:55  Overseer  
  59  6:57  Roach x2  
  59  6:58  Roach  
  65  7:02  Overlord  
  65  7:08  Overlord  
  65  7:12  Zerg Missile Weapons Level 2  
  65  7:14  Overlord  
  65  7:17  Drone x2  
  65  7:20  Overlord  
  65  7:21  Drone x2  
  69  7:34  Drone x5  
  74  7:38  Extractor  
  74  7:40  Roach  
  75  7:49  Drone x3  
  78  7:54  Roach x4  
  78  7:57  Overlord  
  86  7:59  Roach  
  86  8:00  Roach x2  
  91  8:08  Queen  
  91  8:09  Queen  
  92  8:14  Overlord  
  92  8:16  Roach x3  
  98  8:20  Roach x2  
  98  8:23  Overlord  
  102  8:30  Overlord  
  102  8:33  Overlord  
  104  8:34  Roach x3  
  104  8:39  Drone  
  104  8:41  Ravager x4  
  113  8:43  Roach x2  
  113  8:47  Overlord  
  119  8:48  Roach  
  119  8:50  Overlord  
  119  8:53  Overlord  
  119  8:55  Roach  
  121  8:57  Overlord  
  121  9:01  Roach x2  
  125  9:03  Roach  
  131  9:10  Roach x3  
  133  9:18  Roach x4  
  133  9:21  Roach x2  
  145  9:27  Roach  
  145  9:28  Roach x2  
  151  9:32  Roach x3  
  157  9:38  Zerg Ground Armor Level 1  
  157  9:40  Roach x2  
  157  9:42  Overlord  
  163  9:45  Roach  
  163  9:51  Ravager  
  161  9:54  Drone x3  
  161  9:55  Drone  
  161  9:57  Roach x2  
  169  10:04  Roach x3  
  175  10:07  Overlord  
  175  10:09  Overlord  
  175  10:11  Overseer  
  175  10:28  Roach x6  
  181  10:34  Roach x5  
  181  10:35  Roach  
  159  10:38  Roach x2  
  159  10:41  Roach  
  149  10:45  Roach x3  
  153  10:51  Roach x2  
  157  11:01  Hatchery  
  157  11:02  Roach x3  
  162  11:08  Roach  
  164  11:14  Roach x2  
  167  11:18  Overlord  
  167  11:20  Roach x4  
  167  11:22  Ravager  
  176  11:27  Overlord  
  176  11:36  Overlord  
  180  11:40  Roach x4  
  184  11:54  Roach x2  
  184  11:55  Roach x5  
Show
View Real Time Build Order
Export as new Build Order

ZhuGeLiang Zerg 

Build Orders: Pool First, Zergling Baneling 

Get SALT Encoding   

  12  0:01  Drone  
  13  0:15  Extractor  
  12  0:24  Spawning Pool  
  12  0:28  Drone  
  12  0:33  Drone  
  13  0:37  Drone  
  14  0:49  Overlord  
  14  1:10  Queen  
  16  1:11  Zergling x2  
  16  1:16  Metabolic Boost  
  17  1:22  Zergling x2  
  18  1:27  Zergling x2  
  18  1:31  Zergling x2  
  20  1:36  Zergling x2  
  21  1:45  Baneling Nest  
  20  1:50  Zergling x2  
  21  1:57  Overlord  
  21  2:06  Zergling x2  
  22  2:18  Zergling x6  
  22  2:20  Zergling x2  
  26  2:29  Baneling x2  
  26  2:30  Zergling x2  
  27  2:38  Baneling x2  
  27  2:41  Zergling x2  
  27  2:52  Zergling x6  
  30  3:00  Baneling  
  29  3:09  Drone  
  29  3:12  Overlord  
  29  3:17  Baneling  
  29  3:18  Baneling  
  29  3:26  Drone  
  29  3:27  Drone  
  24  3:49  Drone  
  24  3:55  Hatchery, Baneling  
  24  3:58  Drone  
  24  4:01  Drone  
  26  4:07  Drone  
  27  4:13  Evolution Chamber  
  26  4:17  Drone x2  
  28  4:26  Overlord  
  28  4:32  Queen  
  30  4:41  Zerg Melee Weapons Level 1  
  30  4:45  Drone  
  30  4:52  Drone x3  
  34  5:00  Drone  
  34  5:01  Baneling  
  34  5:06  Baneling  
  35  5:12  Drone x3  
  38  5:14  Baneling  
  38  5:18  Drone x2  
  40  5:22  Baneling  
  40  5:35  Hatchery  
  39  5:39  Zergling x6  
  41  5:45  Drone x2  
  41  5:54  Drone  
  41  5:55  Drone x2  
  43  6:03  Drone x4  
  45  6:08  Zergling x4  
  45  6:09  Zergling x2  
  45  6:14  Drone x2  
  45  6:15  Drone  
  45  6:18  Drone  
  49  6:22  Drone x2  
  49  6:23  Drone  
  52  6:30  Extractor  
  52  6:32  Extractor  
  50  6:33  Roach Warren  
  50  6:35  Zerg Missile Weapons Level 1  
  49  6:42  Drone x3  
  52  6:50  Overlord  
  52  6:54  Queen  
  52  7:00  Overlord  
  54  7:11  Overlord  
  54  7:13  Drone x11  
  54  7:14  Drone  
  66  7:17  Overlord  
  68  7:23  Roach  
  68  7:25  Roach x2  
  68  7:28  Overlord  
  72  7:36  Extractor, Lair  
  70  7:37  Roach  
  70  7:39  Roach  
  73  7:53  Roach x7  
  86  7:59  Overlord  
  86  8:04  Roach  
  86  8:05  Roach x4  
  96  8:11  Overlord x2  
  96  8:12  Overlord  
  94  8:15  Ravager x2  
  94  8:16  Ravager  
  94  8:19  Ravager  
  98  8:25  Roach x3  
  98  8:26  Overlord  
  104  8:33  Glial Reconstitution  
  104  8:34  Overlord  
  104  8:35  Overlord  
  104  8:36  Drone  
  104  8:41  Roach x3  
  111  8:51  Roach x5  
  111  8:54  Roach  
  123  9:01  Roach x3  
  123  9:02  Roach  
  131  9:06  Overlord x2  
  131  9:11  Overlord  
  131  9:14  Roach x3  
  131  9:16  Overlord  
  137  9:19  Overlord  
  137  9:22  Roach  
  139  9:26  Roach x2  
  139  9:27  Roach  
  145  9:32  Roach  
  145  9:33  Roach x2  
  145  9:36  Overlord  
  151  9:40  Overlord x2  
  155  9:45  Roach x2  
  155  9:46  Roach  
  155  9:47  Ravager  
  155  9:48  Ravager  
  158  9:55  Roach  
  158  9:56  Roach x3  
  166  10:01  Roach x3  
  166  10:05  Roach x2  
  176  10:10  Overlord  
  176  10:13  Roach x3  
  182  10:21  Overlord  
  182  10:26  Zergling x12  
  138  10:37  Roach x5  
  138  10:38  Roach x2  
  122  10:44  Zergling x4  
  122  10:46  Ravager  
  122  10:47  Ravager  
  122  10:51  Roach x2  
  122  10:55  Roach  
  128  11:00  Roach x2  
  132  11:08  Roach  
  134  11:16  Roach x3  
  139  11:21  Roach x7  
  139  11:22  Roach  
  155  11:27  Hatchery, Roach  
  155  11:28  Roach x2  
  155  11:31  Overlord  
  160  11:36  Overlord x2  
  160  11:43  Overlord  
  160  11:47  Overlord x2  
  160  11:50  Roach x4  
  160  11:53  Overlord  
  170  11:54  Ravager x2  
  170  11:57  Overlord  
  170  11:58  Roach  
  170  12:00  Roach  
Tags
 
Add a new tag
Caveats
  • Supply blocks, unpowered buildings, or Contaminate may cause inaccurate times.
  • Supply counts are checked every 10 seconds.